Map: Emerald City LE

Players

llllllllllll

  • Race: Terran Terran
  • Spawn Location: 5:00

A.I. 1 (Very Easy) - Winner!

  • Race: Zerg Zerg
  • Spawn Location: 11:00

VOD

Have the link to the VOD?

Description

Time

  • Played on: Jan. 24, 2020, 6:13 a.m.
  • Length: 18:51
Show
View Real Time Build Order
Export as new Build Order

llllllllllll Terran 

Build Orders: Reaper Expand, Mech 

Get SALT Encoding   

  12  0:01  SCV  
  13  0:13  SCV  
  14  0:17  Supply Depot  
  14  0:25  SCV  
  15  0:39  SCV  
  15  0:41  Barracks  
  16  0:46  Refinery  
  16  0:51  SCV  
  17  1:03  SCV  
  18  1:20  SCV  
  19  1:29  Reaper  
  20  1:32  Orbital Command  
  20  1:40  Command Center  
  20  1:57  Supply Depot  
  20  1:58  SCV  
  21  2:10  SCV, Factory  
  22  2:17  Refinery  
  22  2:22  SCV  
  23  2:24  Barracks Reactor  
  23  2:34  SCV  
  24  2:46  SCV  
  25  2:53  Orbital Command  
  25  2:58  Starport  
  25  3:04  SCV  
  26  3:07  Hellion x2  
  30  3:14  Supply Depot  
  30  3:16  SCV  
  31  3:20  SCV  
  32  3:28  Hellion x2  
  32  3:32  SCV  
  37  3:35  Fusion Core  
  37  3:37  Starport Tech Lab  
  37  3:38  SCV  
  38  3:48  SCV  
  39  3:50  SCV  
  39  3:52  Command Center  
  40  4:00  SCV  
  40  4:01  Hellion  
  40  4:02  SCV, Hellion  
  46  4:10  Supply Depot  
  46  4:12  SCV  
  46  4:14  SCV  
  54  4:24  Battlecruiser  
  54  4:31  SCV x2  
  54  4:32  Supply Depot  
  54  4:36  Refinery x2  
  56  4:43  SCV x2  
  60  4:45  Hellion  
  60  4:46  Hellion  
  62  4:55  SCV  
  62  4:56  Supply Depot, Weapon Refit  
  62  4:58  SCV  
  64  5:04  Orbital Command  
  64  5:08  SCV  
  64  5:09  Hellion  
  64  5:10  SCV  
  64  5:12  Hellion  
  70  5:19  Supply Depot  
  70  5:20  SCV  
  71  5:22  SCV  
  72  5:31  Hellion  
  72  5:32  Battlecruiser, Orbital Command  
  72  5:35  SCV x2  
  82  5:47  Hellion  
  82  5:48  Factory  
  82  5:49  SCV, Factory  
  85  5:51  SCV  
  86  6:00  SCV  
  86  6:01  SCV, Refinery  
  86  6:02  Hellion  
  86  6:03  Refinery  
  90  6:05  Factory  
  90  6:11  SCV, Factory  
  91  6:12  SCV  
  91  6:14  Factory  
  91  6:17  SCV, Hellion  
  95  6:23  SCV  
  95  6:25  Supply Depot x2  
  96  6:28  SCV  
  96  6:31  SCV  
  98  6:35  SCV  
  98  6:36  Factory Tech Lab x2  
  99  6:43  SCV x2  
  99  6:46  Battlecruiser  
  107  6:49  SCV, Supply Depot  
  107  6:50  Supply Depot  
  108  6:54  Hellion  
  108  6:55  SCV x2  
  108  6:56  Factory Tech Lab x2  
  108  6:57  Factory Reactor  
  112  7:02  SCV  
  112  7:07  SCV  
  114  7:12  Command Center  
  114  7:13  Siege Tank  
  114  7:14  Siege Tank  
  120  7:19  SCV  
  120  7:20  SCV  
  120  7:21  SCV, Supply Depot  
  120  7:22  Supply Depot  
  123  7:24  Siege Tank  
  123  7:29  Cyclone  
  129  7:30  Mag-Field Accelerator  
  129  7:31  Infernal Pre-Igniter  
  129  7:34  SCV x2  
  129  7:35  SCV  
  132  7:43  Hellion x2  
  138  7:46  SCV, Supply Depot  
  138  7:47  Supply Depot  
  138  7:50  Cyclone  
  138  7:51  Cyclone  
  145  7:56  Siege Tank  
  148  7:58  SCV  
  148  8:04  Hellion  
  149  8:08  SCV x2, Hellion x2  
  149  8:11  SCV, Supply Depot  
  156  8:13  Supply Depot  
  156  8:17  Armory x2  
  156  8:19  Hellion x2  
  160  8:22  Cyclone  
  163  8:36  Hellion, Cyclone x3  
  163  8:37  Hellion  
  176  8:43  Hellion x2  
  176  8:47  Supply Depot, Engineering Bay  
  180  8:49  SCV  
  180  8:54  SCV x2  
  180  8:55  Cyclone  
  186  8:59  SCV  
  186  9:00  Refinery  
  186  9:01  SCV, Hellion x2, Refinery  
  192  9:08  Cyclone  
  195  9:15  Hellion, Cyclone  
  200  9:19  Planetary Fortress, Sensor Tower  
  200  9:27  Missile Turret  
  200  9:28  Missile Turret x2  
  200  9:40  Command Center  
  198  10:16  Command Center  
  198  10:17  Command Center  
  198  10:20  Command Center  
  198  10:23  Command Center  
  198  10:26  Terran Vehicle Weapons Level 1, Terran Vehicle And Ship Armor Level 1, Command Center  
  198  10:31  Advanced Ballistics  
  198  10:38  Starport x2  
  198  10:41  Smart Servos  
  198  10:51  Starport x2  
  186  10:57  Liberator x2  
  186  11:03  Refinery  
  192  11:15  Missile Turret  
  192  11:16  Sensor Tower  
  192  11:17  Refinery  
  192  11:18  Missile Turret  
  192  11:20  Missile Turret  
  192  11:21  Missile Turret  
  178  11:26  Thor x2  
  178  11:27  Thor  
  196  11:43  Command Center  
  196  11:46  Orbital Command x5  
  196  11:52  Liberator  
  199  12:07  Planetary Fortress  
  199  12:24  Command Center  
  199  12:28  Command Center  
  195  12:35  Liberator x6  
  195  13:17  Liberator  
  198  13:24  Terran Vehicle Weapons Level 2, Terran Vehicle And Ship Armor Level 2  
  198  13:25  Refinery, Neosteel Armor  
  198  13:31  Refinery  
  198  13:36  Missile Turret  
  198  13:38  Missile Turret  
  198  13:39  Missile Turret  
  198  13:40  Sensor Tower  
  189  13:42  Missile Turret  
  189  13:43  Thor x3  
  189  13:46  Missile Turret  
  184  14:40  Thor  
  184  14:41  Thor, Siege Tank x2  
  184  14:42  Siege Tank  
  200  14:47  Starport Tech Lab x4  
  200  14:54  Armory  
  200  14:57  Planetary Fortress  
  200  14:58  Planetary Fortress  
  200  14:59  Planetary Fortress  
  200  15:05  Hi-Sec Auto Tracking  
  200  15:08  Refinery x2  
  200  15:10  Missile Turret  
  200  15:27  Refinery x2  
  200  15:30  Missile Turret  
  200  15:32  Missile Turret x2  
  200  15:35  Missile Turret  
  200  15:37  Missile Turret  
  200  15:50  Missile Turret  
  200  16:11  Missile Turret  
  200  16:30  Missile Turret  
Show
View Real Time Build Order
Export as new Build Order

A.I. 1 (Very Easy) Zerg - Winner!

Build Orders: Hatch First 

Get SALT Encoding   

  12  0:01  Drone  
  13  0:12  Overlord  
  13  0:16  Drone  
  14  0:42  Hatchery  
  13  0:45  Drone  
  14  1:05  Spawning Pool  
  14  1:07  Drone  
  14  1:11  Extractor  
  14  1:14  Drone  
  14  1:22  Overlord  
  14  1:51  Zergling x2  
  14  1:52  Queen  
  14  1:54  Zergling x2  
  18  2:01  Roach Warren  
  18  2:05  Drone  
  18  2:08  Extractor  
  17  2:12  Drone  
  18  2:17  Zergling x2  
  18  2:21  Drone  
  20  2:29  Drone  
  21  2:36  Drone  
  22  2:43  Drone  
  23  2:50  Drone  
  24  2:58  Drone  
  25  3:04  Roach  
  25  3:05  Drone  
  28  3:09  Overlord  
  28  3:14  Drone  
  29  3:21  Drone  
  30  3:28  Drone  
  31  3:36  Drone  
  32  3:43  Drone  
  32  3:46  Overlord  
  33  3:50  Drone  
  33  3:52  Roach  
  33  3:54  Lair  
  36  3:57  Drone  
  37  4:05  Drone  
  38  4:12  Drone  
  39  4:20  Drone  
  40  4:27  Drone  
  40  4:28  Overlord  
  41  4:34  Drone  
  42  4:39  Roach  
  42  4:41  Drone  
  45  4:48  Drone  
  46  4:53  Overseer  
  46  4:54  Extractor  
  46  4:55  Overseer, Drone  
  46  5:02  Extractor  
  46  5:03  Drone  
  46  5:10  Drone  
  47  5:17  Drone  
  48  5:24  Drone  
  48  5:26  Roach  
  51  5:31  Drone  
  52  5:38  Drone  
  53  5:48  Drone  
  52  5:55  Drone  
  47  6:03  Drone  
  45  6:09  Zergling x2  
  45  6:10  Drone  
  42  6:17  Drone  
  38  6:24  Drone  
  34  6:31  Drone  
  32  6:37  Zergling x2  
  32  6:38  Drone  
  34  6:46  Drone  
  34  6:53  Drone  
  26  7:00  Drone  
  27  7:06  Zergling x2  
  27  7:07  Drone  
  29  7:13  Queen  
  29  7:14  Drone  
  27  7:22  Drone  
  22  7:29  Drone  
  23  7:35  Zergling x2  
  23  7:36  Drone  
  21  7:43  Drone  
  19  7:51  Drone  
  19  7:58  Drone  
  19  8:03  Zergling x2, Queen  
  19  8:05  Drone  
  20  8:12  Drone  
  22  8:20  Drone  
  22  8:24  Hatchery  
  22  8:27  Drone  
  23  8:34  Drone  
  24  8:41  Drone  
  25  8:48  Drone  
  25  8:51  Roach  
  28  8:55  Drone  
  28  9:06  Drone  
  29  9:13  Drone  
  30  9:20  Drone  
  31  9:28  Drone  
  32  9:35  Drone  
  32  9:38  Roach  
  35  9:42  Drone  
  36  9:50  Lair, Drone  
  21  10:02  Queen  
  21  10:05  Roach Warren  
  21  10:06  Zergling x2  
  20  10:11  Overlord, Drone  
  21  10:29  Overlord, Drone  
  21  10:35  Zergling x2  
  23  10:36  Drone  
  23  10:38  Pneumatized Carapace  
  24  10:43  Drone  
  24  10:48  Overseer  
  24  10:49  Overseer  
  25  10:50  Overlord, Drone  
  25  10:55  Infestation Pit  
  25  10:58  Roach  
  25  10:59  Drone  
  28  11:06  Drone  
  29  11:13  Drone  
  30  11:21  Roach, Drone  
  33  11:28  Drone  
  34  11:35  Drone  
  35  11:42  Drone  
  35  11:43  Infestor  
  38  11:49  Drone  
  39  11:56  Drone  
  40  12:03  Drone  
  40  12:06  Infestor  
  43  12:11  Drone  
  44  12:18  Drone  
  44  12:19  Overlord, Extractor  
  44  12:20  Extractor  
  43  12:25  Drone  
  44  12:32  Drone  
  45  12:39  Drone, Extractor  
  45  12:47  Drone  
  46  12:54  Drone  
  47  13:01  Drone  
  48  13:08  Drone  
  49  13:15  Drone  
  50  13:23  Drone  
  51  13:30  Drone  
  52  13:51  Overlord, Overseer  
  52  13:52  Overlord  
  52  13:57  Overseer  
  43  14:26  Overlord x2  
  43  14:28  Overlord  
  42  14:33  Overlord x2  
  42  14:39  Infestation Pit  
  38  14:52  Overlord  
  38  14:55  Overlord  
  38  14:58  Overlord  
  38  15:00  Overlord  
  38  15:02  Overlord  
  38  15:08  Hatchery  
  37  15:18  Roach  
  37  15:19  Spawning Pool  
  37  15:21  Overlord  
  37  15:23  Overlord  
  37  15:26  Overlord  
  37  15:28  Overlord  
  36  15:34  Overlord  
  35  15:46  Overseer  
  35  15:47  Roach  
  35  15:49  Overseer  
  35  15:50  Hatchery  
  35  15:57  Overseer  
  31  16:03  Overlord  
  23  16:05  Drone  
  23  16:09  Spawning Pool  
  23  16:12  Hive, Drone  
  23  16:16  Roach  
  22  16:29  Overlord  
  19  16:40  Drone  
  19  16:45  Roach  
  19  16:57  Overlord  
  18  17:01  Queen  
  18  17:02  Drone  
  19  17:11  Hydralisk Den  
  19  17:12  Drone  
  19  17:13  Roach  
  18  17:19  Drone  
  15  17:25  Ultralisk Cavern  
  15  17:26  Drone  
  15  17:32  Overlord  
  15  17:33  Drone  
  6  17:44  Ultralisk Cavern, Roach  
  6  17:56  Drone  
  4  18:06  Drone  
  5  18:17  Spawning Pool, Drone  
  5  18:27  Overlord  
  5  18:41  Hatchery  
Tags
 
Add a new tag
Caveats
  • Supply blocks, unpowered buildings, or Contaminate may cause inaccurate times.
  • Supply counts are checked every 10 seconds.